 Dungeon Crawl Stone Soup version 0.29-a0-717-g6dac4ea423 (webtiles) character file.

Game seed: 13604964264890201852

1171 HoaS the Skirmisher (level 8, -6/44 HPs)
             Began as a Tengu Hunter on June 26, 2022.
             Mangled by a steam dragon (8 damage)
             ... on level 5 of the Dungeon.
             The game lasted 00:07:24 (5111 turns).

HoaS the Skirmisher (Tengu Hunter)                  Turns: 5111, Time: 00:07:24

Health: -6/44      AC:  5    Str: 11    XL:     8   Next: 41%
Magic:  9/9        EV: 14    Int: 10    God:
Gold:   232        SH:  0    Dex: 20    Spells: 7/7 levels left

rFire   . . .      SeeInvis .   h - +0 arbalest (flame)
rCold   . . .      Faith    .   (shield currently unavailable)
rNeg    . . .      Spirit   .   c - +1 leather armour
rPois   .          Reflect  .   (helmet restricted)
rElec   .          Harm     .   f - +0 cloak
rCorr   .          Rampage  .   (no gloves)
Will    .....                   (boots unavailable)
Stlth   ++........              (no amulet)
HPRegen 0.14/turn               (no ring)
MPRegen 0.11/turn               (no ring)

@: flying quickly and evasively, quick
A: beak, talons 3, nimble flight
a: no special abilities


You were on level 5 of the Dungeon.
You visited 1 branch of the dungeon, and saw 6 of its levels.

You collected 232 gold pieces.

Inventory:

Hand Weapons
 h - a +0 arbalest of flaming (weapon)
Missiles
 e - 2 throwing nets
Armour
 c - a +1 leather armour (worn)
 f - a +0 cloak (worn)
Jewellery
 a - a ring of fire
Wands
 j - a wand of charming (5)
Scrolls
 b - a scroll of immolation
Potions
 d - a potion of lignification
 g - 2 potions of curing
 i - 2 potions of brilliance
 k - a potion of flight {unknown}


   Skills:
 - Level 2.0 Fighting
 + Level 11.5 Ranged Weapons
 - Level 2.1 Dodging
 - Level 1.0 Stealth


You had 7 spell levels left.
You didn't know any spells.
Your spell library contained the following spells:

 Spells                   Type           Power      Damage    Failure   Level
 Sublimation of Blood     Necr           0%         N/A       58%         2
 Wereblood                Tmut           0%         N/A       58%         2
 Ozocubu's Armour         Ice            0%         N/A       83%         3
 Animate Dead             Necr           0%         N/A       99%         4
 Borgnjor's Vile Clutch   Necr/Erth      0%         N/A       100%        5
 Metabolic Englaciation   Hex/Ice        0%         N/A       100%        5
 Death Channel            Necr           0%         N/A       100%        6
 Simulacrum               Ice/Necr       0%         N/A       100%        6
 Summon Hydra             Summ           0%         N/A       100%        7
 Chain Lightning          Conj/Air       0%         N/A       100%        9
 Fire Storm               Conj/Fire      0%         5d1       100%        9
 Shatter                  Erth           0%         3d5*      100%        9


Dungeon Overview and Level Annotations

Branches:
Dungeon (6/15)
 Temple: D:4-7

Altars:
Nemelex Xobeh


Innate Abilities, Weirdness & Mutations

You have a beak for a mouth.
You have claws for feet.
Your magical nature lets you fly swiftly and evasively.


Message History

The steam dragon is heavily wounded.
The steam dragon bites you. The steam dragon misses you.
You shoot a bolt.
The bolt barely misses the steam dragon.
The steam dragon breathes steam at you. The ball of steam hits you!!
You are too injured to fight recklessly!
You are too injured to fight recklessly!
You are too injured to fight recklessly!
You are engulfed in a cloud of scalding steam.
The steam dragon closely misses you. The steam dragon claws you.
You fly upwards.
There is a stone staircase leading down here.
A steam dragon is nearby!
Fire: h) +0 arbalest (flame)
Press: ? - help, Q - select action, (/) - cycle Shift-Dir - straight line, f - steam dragon
Aim: a steam dragon (heavily wounded, catching its breath, 66% to hit)
You shoot a bolt. The bolt hits the steam dragon.
The bolt burns the steam dragon.
The steam dragon is severely wounded.
The steam dragon bites you but does no damage.
The steam dragon closely misses you. The steam dragon bites you.
The steam dragon closely misses you.
Fire: h) +0 arbalest (flame)
Press: ? - help, Q - select action, (/) - cycle Shift-Dir - straight line, f/p - steam dragon
Aim: a steam dragon (severely wounded, 66% to hit)
You shoot a bolt. The bolt hits the steam dragon.
The bolt burns the steam dragon.
The steam dragon is almost dead.
The steam dragon breathes steam at you. The ball of steam misses you.
Fire: h) +0 arbalest (flame)
Press: ? - help, Q - select action, (/) - cycle Shift-Dir - straight line, f/p - steam dragon
Aim: a steam dragon (almost dead, catching its breath, 66% to hit)
You shoot a bolt.
The bolt completely misses the steam dragon.
You are engulfed in a cloud of scalding steam.
* * * LOW HITPOINT WARNING * * *
The steam dragon bites you!
You die...

#..# #.#####...###
#### #..# #........##
#..# #####...## #..#
###....## #..#
####.....## ##..#
###........# ##..##
####...#......#
##...###...#####.D...#
.........### #.@....##
..###..### ###.....#
.## #..# ##....# .#
#..# #....# .#
#..####### ##...## ##
#..##....## #....# #
#.........## ##...# #
##..........# #...## #
#...........## ##...#
###


You could see a steam dragon (catching breath).

Vanquished Creatures
  An ice beast (D:5)
  2 ogres (D:4)
  A black bear (D:4)
  3 phantoms (D:5)
  A necrophage (D:5)
  A scorpion (D:5)
  A howler monkey (D:5)
  A gnoll shaman (D:4)
  3 hounds
  Crazy Yiuf (D:2)
  12 gnolls
  5 adders
  A shadow imp (D:5)
  A white imp (D:5)
  2 ufetubi
  2 worms
  4 dart slugs
  5 orcs
  9 ball pythons
  8 endoplasms
  5 giant cockroaches
  14 goblins
  4 hobgoblins
  10 kobolds
  5 quokkas
  5 bats
  6 frilled lizards
  7 rats
120 creatures vanquished.

Vanquished Creatures (others)
  8 fungi (D:2)
  A plant (D:2)
9 creatures vanquished.

Grand Total: 129 creatures vanquished

Notes
Turn   | Place    | Note
-------+----------+-------------------------------------------
     0 | D:1      | HoaS the Tengu Hunter began the quest for the Orb.
     0 | D:1      | Reached XP level 1. HP: 12/12 MP: 2/2
    20 | D:1      | Reached XP level 2. HP: 17/17 MP: 3/3
    60 | D:1      | Reached skill level 5 in Ranged Weapons
   458 | D:1      | Reached XP level 3. HP: 20/21 MP: 4/4
   716 | D:2      | Found a faded altar of an unknown god.
  1011 | D:2      | Found the +7 staff of the Meek {protect, meekguard}
  1169 | D:2      | Found a runed translucent door.
  1170 | D:2      | Noticed Crazy Yiuf
  1182 | D:2      | Killed Crazy Yiuf
  1183 | D:2      | Reached skill level 6 in Ranged Weapons
  1183 | D:2      | Reached XP level 4. HP: 6/26 MP: 5/5
  2033 | D:3      | Gained mutation: Your magical nature lets you fly swiftly
                  | and evasively. [Tengu growth]
  2033 | D:3      | Reached XP level 5. HP: 30/30 MP: 6/6
  2126 | D:3      | Reached skill level 7 in Ranged Weapons
  2894 | D:4      | Noticed a black bear
  2898 | D:4      | Killed a black bear
  2899 | D:4      | Reached skill level 8 in Ranged Weapons
  2899 | D:4      | Reached XP level 6. HP: 35/35 MP: 7/7
  2947 | D:4      | Reached skill level 9 in Ranged Weapons
  2947 | D:4      | Reached XP level 7. HP: 40/40 MP: 8/8
  3876 | D:5      | Entered Level 5 of the Dungeon
  3980 | D:5      | Reached skill level 10 in Ranged Weapons
  4438 | D:5      | Reached XP level 8. HP: 43/44 MP: 9/9
  4520 | D:5      | Reached skill level 11 in Ranged Weapons
  4612 | D:5      | Found a sparkling altar of Nemelex Xobeh.
  5111 | D:5      | HP: 2/44 [steam dragon] (15)]
  5111 | D:5      | Mangled by a steam dragon

Illustrated notes

Levels and vault maps discovered:
D:1:      mrwooster_arrival_statue, layout_rooms, kennysheep_minor_cross
D:2:      layout_loops_ring, dreamdust_ecumenical_altar_grove, chequers_garden,
          uniq_crazy_yiuf_cottage
D:3:      layout_loops_cross, minmay_goblin_outpost
D:4:      layout_gridville, minmay_unequal
D:5:      layout_cave_pods, nemelex_diamond_rough_becter
D:6:      layout_cave_pods, temple_doors_ab

Skill      XL: |  1  2  3  4  5  6  7  8 |
---------------+-------------------------+-----
Ranged Weapons | 5 6 8 9 10 11 | 11.5
Fighting       | |  2.0
Dodging        | |  2.1
Stealth        | |  1.0

Action                   |  1- 3 |  4- 6 |  7- 9 || total
-------------------------+-------+-------+-------++-------
Melee: Unarmed           |     5 |       |       ||     5
 Fire: Shortbow          |   100 |   126 |    49 ||   275
       Arbalest          |       |       |    72 ||    72
  Use: Scroll            |     7 |     4 |     1 ||    12
       Potion            |     2 |     1 |       ||     3
Armor: Leather armour    |     4 |     9 |     9 ||    22
       Skin              |     3 |       |       ||     3
Dodge: Dodged            |    10 |    12 |    39 ||    61

Table legend: (Time is in decaauts)
 A = Elapsed time spent in this place.
 B = Non-inter-level travel time spent in this place.
 C = Inter-level travel time spent in this place.
 D = Time resting spent in this place.
 E = Time spent auto-exploring this place.
 F = Levels seen in this place.
 G = Mean time per level.
                   A        B        C        D        E       F      G
               +--------+--------+--------+--------+--------+-----+--------+
         Total |   4976 |   4822 |    154 |   1500 |   2603 |   6 |  829.3 |
       Dungeon |   4976 |   4822 |    154 |   1500 |   2603 |   6 |  829.3 |
               +--------+--------+--------+--------+--------+-----+--------+

Top non-repeatable levels by time:
     D:2: 1347 daAuts
     D:5: 1189 daAuts
     D:4: 1177 daAuts
     D:3: 745 daAuts
     D:1: 512 daAuts
     D:6: 4 daAuts
